 Dungeon Crawl Stone Soup version 0.29-a0-986-gdf0a18e73c (webtiles) character file.

Game seed: 13525075534356929469

2303 djsbf the Covert (level 9, -1/46 HPs)
             Began as a Spriggan Enchanter on Aug 2, 2022.
             Was a Follower of Dithmenos.
             Slain by a yak (12 damage)
             ... on level 7 of the Dungeon.
             The game lasted 00:16:44 (9039 turns).

djsbf the Covert (Spriggan Enchanter)               Turns: 9039, Time: 00:16:45

Health: -1/46      AC:  6    Str: 12    XL:     9   Next: 18%
Magic:  20/20      EV: 17    Int: 22    God:    Dithmenos [*.....]
Gold:   714        SH:  0    Dex: 14    Spells: 13/24 levels left

rFire   . . .      SeeInvis +   i - +3 dagger (elec)
rCold   . . .      Faith    .   (no shield)
rNeg    . . .      Spirit   .   b - +1 robe
rPois   .          Reflect  .   (helmet restricted)
rElec   .          Harm     .   t - +2 cloak
rCorr   .          Rampage  .   (gloves unavailable)
Will    +....      Rage     3%  (boots unavailable)
Stlth   +++++.....              (no amulet)
HPRegen 0.15/turn               y - +6 ring of intelligence
MPRegen 0.17/turn               (no ring)

@: on berserk cooldown, slowed, wreathed by umbra, invisible, quick
A: very small, no large weapons, unfitting armour, see invisible, speed 3,
berserk 1, low MP 1, strong 1
a: Renounce Religion


You were on level 7 of the Dungeon.
You worshipped Dithmenos.
Dithmenos was aware of your devotion.
You visited 2 branches of the dungeon, and saw 8 of its levels.

You collected 885 gold pieces.
You spent 171 gold pieces at shops.

Inventory:

Hand Weapons
 i - a +3 dagger of electrocution (weapon)
 m - the +7 rapier "Xeyzeaga" {venom, rElec rPois rC+ Str-2}
   (You found it on level 3 of the Dungeon)

   It poisons the flesh of those it strikes.
   Str:       It affects your strength (-2).
   rC:        It protects you from cold.
   rElec:     It insulates you from electricity.
   rPois:     It protects you from poison.
Missiles
 j - 10 poisoned darts (quivered)
 o - a curare-tipped dart
Armour
 b - a +1 robe (worn)
 n - the +0 robe "Amurgho" {rF++ Str-3 Int+2 SInv}
   (You bought it in a shop on level 5 of the Dungeon)

   Str:       It affects your strength (-3).
   Int:       It affects your intelligence (+2).
   rF:        It greatly protects you from fire.
   SInv:      It lets you see invisible.
 t - a +2 cloak (worn)
Jewellery
 y - a +6 ring of intelligence (left hand)
Wands
 g - a wand of light (8)
 s - a wand of polymorph (10)
 w - a wand of roots (7)
Scrolls
 f - a scroll of enchant armour
 h - 3 scrolls of summoning
 q - 3 scrolls of teleportation
 r - a scroll of amnesia
Potions
 a - 2 potions of magic
 c - a potion of invisibility
 d - a potion of resistance
 e - 2 potions of haste
 k - 3 potions of flight
 l - a potion of heal wounds
 u - a potion of brilliance
 z - a potion of might


   Skills:
 + Level 4.8 Fighting
 - Level 1.1 Short Blades
 - Level 2.6 Dodging
 + Level 9.7 Stealth
 + Level 8.2 Spellcasting
 + Level 8.5 Hexes


You had 13 spell levels left.
You knew the following spells:

 Your Spells              Type           Power      Damage    Failure   Level
a - Ensorcelled Hibernat  Hex/Ice        54%        N/A       1%          2
b - Tukima's Dance        Hex            46%        N/A       1%          3
c - Dazzling Flash        Conj/Hex       54%        N/A       3%          3
d - Confusing Touch       Hex            46%        N/A       1%          3

Your spell library contained the following spells:

 Spells                   Type           Power      Damage    Failure   Level
 Beastly Appendage        Tmut           18%        N/A       8%          1
 Scorch                   Fire           18%        2d6       11%         2
 Wereblood                Tmut           9%         N/A       11%         2
 Spider Form              Tmut/Pois      9%         N/A       22%         3
 Flame Wave               Conj/Fire      9%         2d6       58%         4
 Summon Cactus Giant      Summ           4%         N/A       100%        6


Dungeon Overview and Level Annotations

Branches:
Dungeon (7/15)             Temple (1/1) D:5

Altars:
Cheibriados
Dithmenos
Elyvilon
Fedhas
Gozag
Hepliaklqana
Makhleb
Nemelex Xobeh
Okawaru
Ru
Trog
Uskayaw
Wu Jian
Xom
Yredelemnul
The Shining One

Shops:
D:4 [   D:5 [   D:6 (:


Innate Abilities, Weirdness & Mutations

You are very small and have problems with some larger weapons.
You are too small for most types of armour.
You have supernaturally acute eyesight. (SInv)
You cover ground extremely quickly. (Speed+++)
You sometimes lose your temper in combat.
Your magical capacity is low. (-10% MP)
Your muscles are strong. (Str +4, Int/Dex -1)


Message History

The orc wizard closely misses you. The yak barely misses you.
You barely miss the orc wizard.
The orc wizard is moderately wounded.
The orc wizard hits you but does no damage.
The orc wizard hits you with a +0 dagger.
You catch the helpless orc wizard completely off-guard!
You impale the orc wizard!!
You kill the orc wizard!
Dithmenos accepts your kill. The yak closely misses you.
Things that are here:
a +0 dagger; a +0 robe; an orc corpse You are too injured to fight recklessly!
You are too injured to fight recklessly!
You are too injured to fight recklessly!
You are too injured to fight recklessly!
The yak misses you.
The yak bellows!
You hit the yak.
The yak is lightly wounded.
The yak barely misses you. The yak completely misses you. The yak misses you.
You strike the helpless yak from behind!
You impale the yak!!
The yak is heavily wounded.
The yak barely misses you. The yak misses you. The yak completely misses you.
The yak closely misses you. The yak gores you. The yak closely misses you.
The yak gores you.
You hit the yak.
The yak is heavily wounded.
The yak misses you. x2; The yak barely misses you.
You strike the helpless yak from behind!
You impale the yak!!
The yak is almost dead.
The yak completely misses you. The yak misses you. The yak gores you!
* * * LOW HITPOINT WARNING * * *
The yak completely misses you.
You barely miss the yak.
The yak is almost dead.
The yak closely misses you. The yak gores you!
You die...

#..YY..#..########
###.####..# #.#
#..# ###)####(.#
#..)).....#
#.......#.#
#.....).#.#
#####..YY...#.#
#....Y.@Y.....#
#.#############


You could see 4 yaks.

Vanquished Creatures
  Eustachio (D:5)
  Menkaure (D:7)
  A water moccasin (D:6)
  2 ice beasts (D:6)
  A black bear (D:5)
  An ogre (D:4)
  A centaur (D:7)
  A kobold brigand (D:3)
  A phantom (D:5)
  2 bullfrogs (D:7)
  3 necrophages
  2 scorpions
  A howler monkey (D:6)
  7 hounds
  A jelly (D:6)
  2 orc priests
  Crazy Yiuf (D:4)
  Jessica (D:3)
  4 iguanas
  4 orc wizards
  4 gnolls
  7 adders
  A white imp (D:6)
  An ufetubus (D:5)
  2 worms (D:2)
  5 dart slugs
  16 orcs
  3 bats
  5 endoplasms
  A giant cockroach (D:1)
  8 goblins
  14 hobgoblins
  11 jackals
  8 kobolds
  4 quokkas
  6 ball pythons
  A frilled lizard (D:1)
  4 rats
139 creatures vanquished.

Vanquished Creatures (collateral kills)
  An orc warrior (D:6)
  An orc (D:4)
2 creatures vanquished.

Vanquished Creatures (others)
  2 dancing weapons (D:3)
  4 fungi (D:4)
6 creatures vanquished.

Grand Total: 147 creatures vanquished

Notes
Turn   | Place    | Note
-------+----------+-------------------------------------------
     0 | D:1      | djsbf the Spriggan Enchanter began the quest for the Orb.
     0 | D:1      | Reached XP level 1. HP: 9/9 MP: 5/5
   484 | D:1      | Reached XP level 2. HP: 13/13 MP: 7/7
   493 | D:1      | Learned a level 2 spell: Ensorcelled Hibernation
  1476 | D:1      | Reached XP level 3. HP: 9/16 MP: 9/9
  1480 | D:1      | Learned a level 3 spell: Tukima's Dance
  1484 | D:1      | Learned a level 3 spell: Confusing Touch
  1807 | D:1      | Found a faded altar of an unknown god.
  2116 | D:2      | Found a sparkling altar of Nemelex Xobeh.
  2711 | D:2      | Reached XP level 4. HP: 21/21 MP: 11/11
  2774 | D:2      | Reached skill level 1 in Fighting
  2982 | D:2      | Learned a level 3 spell: Dazzling Flash
  3040 | D:3      | Reached skill level 5 in Hexes
  3326 | D:3      | Identified the +7 rapier "Xeyzeaga" {venom, rElec rPois rC+
                  | Str-2}
  3359 | D:3      | Reached XP level 5. HP: 25/25 MP: 7/12
  3873 | D:3      | Noticed Jessica
  3888 | D:3      | Killed Jessica
  3896 | D:3      | Reached skill level 5 in Stealth
  3896 | D:3      | Reached skill level 5 in Spellcasting
  3896 | D:3      | Reached XP level 6. HP: 22/30 MP: 10/14
  4784 | D:4      | Found Niahuun's Antique Armour Shoppe.
  4941 | D:4      | Found a bloodstained altar of Trog.
  4973 | D:4      | Reached skill level 6 in Stealth
  4973 | D:4      | Reached XP level 7. HP: 27/35 MP: 9/16
  5694 | D:4      | Found a runed translucent door.
  5695 | D:4      | Noticed Crazy Yiuf
  5708 | D:4      | Killed Crazy Yiuf
  5860 | D:5      | Entered Level 5 of the Dungeon
  5951 | D:5      | Found a shimmering altar of Xom.
  5980 | D:5      | Reached skill level 7 in Stealth
  6113 | D:5      | Found a staircase to the Ecumenical Temple.
  6127 | Temple   | Entered the Ecumenical Temple
  6373 | Temple   | Became a worshipper of Dithmenos the Shadowed
  6429 | D:5      | Reached XP level 8. HP: 40/40 MP: 15/18
  6495 | D:5      | Found an ornate altar of the Wu Jian Council.
  6826 | D:5      | Noticed Eustachio
  6866 | D:5      | Killed Eustachio
  7114 | D:5      | Found Enihelud's Antique Armour Emporium.
  7119 | D:5      | Bought a thick robe for 171 gold pieces
  7119 | D:5      | Identified the +0 robe "Amurgho" {rF++ Str-3 Int+2 SInv}
                  | (You bought it in a shop on level 5 of the Dungeon)
  7232 | D:6      | Reached skill level 8 in Stealth
  7592 | D:6      | Found Kukkarefu's Weapon Shop.
  7592 | D:6      | Found Fouvaw's Book Shoppe.
  7619 | D:6      | Reached skill level 9 in Stealth
  8315 | D:7      | Reached * piety under Dithmenos
  8328 | D:7      | Gained mutation: Your skin changes colour to match your
                  | surroundings (Stealth+). [potion of mutation]
  8328 | D:7      | Gained mutation: You occasionally lose the ability to read
                  | scrolls when taking damage. [potion of mutation]
  8328 | D:7      | Gained mutation: You sometimes lose your temper in combat.
                  | [potion of mutation]
  8328 | D:7      | Gained mutation: You expend magic power (3 MP) to
                  | strengthen your wands. [potion of mutation]
  8329 | D:7      | Lost mutation: You occasionally lose the ability to read
                  | scrolls when taking damage. [potion of mutation]
  8329 | D:7      | Lost mutation: Your skin changes colour to match your
                  | surroundings (Stealth+). [potion of mutation]
  8329 | D:7      | Gained mutation: Your muscles are strong. (Str +4, Int/Dex
                  | -1) [potion of mutation]
  8329 | D:7      | Lost mutation: You expend magic power (3 MP) to strengthen
                  | your wands. [potion of mutation]
  8329 | D:7      | Gained mutation: Your magical capacity is low. (-10% MP)
                  | [potion of mutation]
  8414 | D:7      | Reached XP level 9. HP: 46/46 MP: 19/19
  8714 | D:7      | Noticed Menkaure
  8917 | D:7      | Killed Menkaure
  8942 | D:7      | Identified a scroll of acquirement
  8942 | D:7      | Acquired 536 gold pieces
  8957 | D:7      | Found a burning altar of Makhleb.
  8957 | D:7      | Noticed a green death
  8961 | D:7      | Noticed an orange demon
  9039 | D:7      | Slain by a yak

Illustrated notes

Levels and vault maps discovered:
D:1:      matt_arrival_spirals, layout_basic,
          shapermc_ecumenical_altar_flowoftime, minivault_4, hex_large,
          st_stairs_13
D:2:      layout_loops_ring, basic_altar
D:3:      layout_basic, kennysheep_generic_room_12, uniq_jessica
D:4:      layout_loops_ring, mainiacjoe_overflow_boulevard, serial_shops,
          nicolae_diamond_shop, serial_rivers, chequers_serial_rivers_large_a,
          chequers_serial_rivers_micro_b, chequers_serial_rivers_small_b,
          chequers_serial_rivers_room_b, uniq_crazy_yiuf_cottage
D:5:      layout_basic, nicolae_wu_jian_immortal_techniques,
          brannock_xom_greatest_gift, minmay_temple_entry_ruins, serial_shops,
          kennysheep_little_box, uniq_eustachio
D:6:      layout_gridville, nicolae_wooded_promenade, nicolae_eternal_life
D:7:      layout_basic, makhleb_altar_promises_db,
          hangedman_abyss_or_decor_stagger, uniq_menkaure
Temple:   hc_temple_tempest_star

Skill      XL: |  1  2  3  4  5  6  7  8  9 |
---------------+----------------------------+-----
Spellcasting   | 3 4 5 6 7 8 |  8.2
Hexes          | 4 5 6 7 8 |  8.5
Fighting       | 1 2 3 4 |  4.8
Stealth        | 5 6 7 9 |  9.7
Short Blades   | |  1.1
Dodging        | |  2.6

Action                   |  1- 3 |  4- 6 |  7- 9 || total
-------------------------+-------+-------+-------++-------
Melee: Dagger            |   133 |   173 |   163 ||   469
       Punch             |     4 |       |     1 ||     5
Throw: Dart              |       |       |     2 ||     2
 Cast: Ensorcelled Hiber |    18 |    22 |    15 ||    55
       Tukima's Dance    |       |     5 |    12 ||    17
       Confusing Touch   |       |     2 |     3 ||     5
Evoke: Wand              |       |       |     1 ||     1
  Use: Scroll            |     4 |     6 |    12 ||    22
       Potion            |       |       |     6 ||     6
 Stab: Sleeping          |    11 |    22 |    23 ||    56
       Distracted        |       |     1 |     1 ||     2
       Confused          |       |     2 |     2 ||     4
       Invisible         |       |       |     9 ||     9
Armor: Robe              |    10 |    14 |    34 ||    58
Dodge: Dodged            |   108 |   128 |   149 ||   385

Table legend: (Time is in decaauts)
 A = Elapsed time spent in this place.
 B = Non-inter-level travel time spent in this place.
 C = Inter-level travel time spent in this place.
 D = Time resting spent in this place.
 E = Time spent auto-exploring this place.
 F = Levels seen in this place.
 G = Mean time per level.
                   A        B        C        D        E       F      G
               +--------+--------+--------+--------+--------+-----+--------+
         Total |   7088 |   6989 |     99 |    599 |   5223 |   8 |  886.0 |
       Dungeon |   6885 |   6798 |     87 |    599 |   5062 |   7 |  983.6 |
        Temple |    202 |    190 |     12 |      0 |    160 |   1 |  202.0 |
               +--------+--------+--------+--------+--------+-----+--------+

Top non-repeatable levels by time:
     D:1: 1796 daAuts
     D:4: 1152 daAuts
     D:3: 925 daAuts
     D:2: 895 daAuts
     D:5: 800 daAuts
     D:6: 758 daAuts
     D:7: 555 daAuts
  Temple: 202 daAuts
